AoeStats
← Chiripa605

Lombardia

509615403Analyzed
4v4 RM · 4d ago on Sep 27, 2026· 49m 14s· 8 players
Game mode
Random Map
Map size
Large (8 player)
Population
200
Speed
Normal
Resources
Standard
Victory
Conquest
Starting age
Dark Age
Ending age
Imperial Age
RankedLock teamsTeams togetherTeam positionsShared explorationLock speedFull tech treeHidden civsTurbo modeCheats
Victory
Defeat
🇧🇷 Saracens · Brazil
1476
+11
🇺🇸 Hindustanis · United States
1408
+14
🇨🇳 Goths · China
1403
+14
🇹🇷 Saxons · Türkiye
1347
+16
🇹🇼 Saxons · Taiwan
1559
-22
🇹🇼 Persians · Taiwan
1356
-14
🇹🇼 Magyars · Taiwan
1291
-11
🇹🇼 Poles · Taiwan
1215
-8
Chiripa605
7:47 Loom
9:55 Feudal Age
10:34 Double-Bit Axe
13:06 Horse Collar
17:04 Bloodlines
20:44 Castle Age
20:44 Forging
21:44 Bow Saw
25:29 Scale Barding Armor
26:53 Heavy Plow
27:10 Husbandry
28:24 Chain Barding Armor
30:11 Iron Casting
30:47 Wheelbarrow
32:13 Gold Mining
32:14 Stone Mining
33:35 Hand Cart
38:49 Imperial Age
38:30 Gold Shaft Mining
39:02 Heavy Camel Rider
40:25 Plate Barding Armor
40:30 Conscription
41:12 Two-Man Saw
41:34 Imperial Camel Rider
44:03 Blast Furnace
44:37 Town Watch
46:07 Chemistry
45:12 Grand Trunk Road
46:20 Shatagni
46:24 Padded Archer Armor
47:41 Fletching
47:50 Murder Holes
48:16 Ballistics
48:46 Light Cavalry
VkA | paulovmcm
10:56 Feudal Age
11:31 Double-Bit Axe
11:57 Horse Collar
16:53 Castle Age
14:44 Loom
18:30 Wheelbarrow
18:50 Bow Saw
20:15 Forging
25:22 Heavy Plow
25:13 Gold Mining
27:24 Iron Casting
28:23 Stone Mining
33:34 Imperial Age
32:35 Scale Barding Armor
33:32 Gold Shaft Mining
33:58 Husbandry
34:08 Bloodlines
35:27 Two-Man Saw
35:18 Conscription
37:30 Hoardings
36:19 Elite Mameluke
38:17 Blast Furnace
38:47 Chain Barding Armor
41:19 Town Watch
41:56 Caravan
45:21 Plate Barding Armor
45:25 Hoardings
46:13 Hand Cart
46:20 Ballistics
47:01 Chemistry
46:12 Masonry
48:47 Fortified Wall
DIABLO
10:18 Feudal Age
8:37 Loom
10:33 Feudal Age
11:37 Double-Bit Axe
19:54 Castle Age
17:50 Horse Collar
19:04 Arson
28:27 Scale Mail Armor
29:39 Wheelbarrow
29:47 Bow Saw
29:58 Squires
33:08 Chain Mail Armor
33:32 Stone Mining
33:35 Gold Mining
34:41 Heavy Plow
39:35 Imperial Age
37:28 Hand Cart
37:41 Forging
37:40 Town Watch
38:20 Pikeman
39:57 Halberdier
41:09 Plate Mail Armor
41:15 Iron Casting
40:08 Shield Wall
42:31 Two-Man Saw
42:15 Conscription
43:31 Guilds
45:24 Elite Hearth Troop
46:03 Stone Mining
46:33 Padded Archer Armor
46:24 Fletching
47:47 Chemistry
46:39 Treadmill Crane
47:10 Masonry
48:19 Town Patrol
49:05 Crop Rotation
48:40 Caravan
crux_dy164
7:44 Loom
11:16 Feudal Age
15:32 Castle Age
21:54 Horse Collar
22:22 Double-Bit Axe
23:36 Wheelbarrow
23:20 Gold Mining
23:37 Stone Mining
25:07 Bow Saw
26:15 Stone Shaft Mining
25:46 Scale Mail Armor
27:21 Hand Cart
30:58 Imperial Age
29:56 Chain Mail Armor
29:52 Forging
29:07 Pikeman
29:48 Squires
29:53 Man-at-Arms
30:43 Long Swordsman
31:23 Halberdier
31:24 Two-Handed Swordsman
35:12 Two-Man Saw
34:27 Champion
35:44 Iron Casting
36:11 Conscription
35:54 Anarchy
38:21 Town Watch
39:38 Blast Furnace
39:56 Perfusion
39:16 Elite Huskarl
41:39 Scale Barding Armor
42:09 Sappers
你失智多年的老杯
7:36 Loom
10:15 Feudal Age
13:09 Loom
13:53 Double-Bit Axe
16:21 Castle Age
18:12 Bow Saw
18:13 Scale Barding Armor
19:14 Chain Barding Armor
18:46 Horse Collar
21:04 Szlachta Privileges
23:16 Bloodlines
27:46 Husbandry
30:17 Gold Mining
31:57 Heavy Plow
37:55 Imperial Age
36:01 Wheelbarrow
38:54 Forging
38:10 Cavalier
39:27 Conscription
40:09 Iron Casting
42:01 Scale Mail Armor
43:05 Blast Furnace
46:16 Crop Rotation
46:37 Light Cavalry
wildanimal
8:50 Feudal Age
11:34 Double-Bit Axe
13:41 Horse Collar
15:47 Man-at-Arms
16:34 Scale Mail Armor
18:11 Wheelbarrow
17:52 Arson
21:46 Castle Age
19:47 Gold Mining
20:46 Forging
22:49 Bow Saw
22:53 Heavy Plow
23:21 Caravan
25:59 Squires
26:57 Stone Mining
28:00 Chain Mail Armor
29:26 Iron Casting
30:22 Gold Shaft Mining
32:00 Loom
33:52 Long Swordsman
34:18 Gambesons
36:29 Hand Cart
36:00 Town Watch
36:32 Fletching
40:28 Imperial Age
38:24 Bodkin Arrow
38:29 Padded Archer Armor
38:14 Pikeman
40:02 Ballistics
40:43 Leather Archer Armor
39:52 Crossbowman
40:35 Two-Handed Swordsman
41:38 Conscription
41:49 Plate Mail Armor
41:21 Bracer
40:58 Arbalester
42:44 Chemistry
41:30 Arrowslits
43:34 Ring Archer Armor
43:16 Masonry
42:31 Champion
43:22 Thumb Ring
43:27 Shield Wall
48:01 Two-Man Saw
47:33 Crop Rotation
48:37 Guard Tower
友善牛牛
2:51 Loom
9:09 Feudal Age
10:03 Double-Bit Axe
17:27 Horse Collar
21:47 Castle Age
20:34 Bloodlines
22:26 Fletching
22:58 Husbandry
25:22 Wheelbarrow
24:55 Bodkin Arrow
40:00 Imperial Age
37:52 Padded Archer Armor
38:17 Town Watch
38:48 Hand Cart
39:50 Leather Archer Armor
40:50 Bracer
43:08 Parthian Tactics
43:50 Chemistry
43:11 Ballistics
44:47 Heavy Cavalry Archer
45:44 Recurve Bow
47:38 Conscription
47:28 Thumb Ring
SKYRIM
5:09 Loom
11:20 Feudal Age
15:14 Castle Age
13:12 Double-Bit Axe
14:18 Horse Collar
16:27 Bow Saw
21:33 Wheelbarrow
31:55 Imperial Age
29:53 Bloodlines
29:43 Husbandry
29:49 Husbandry
31:35 Heavy Plow
32:40 Hand Cart
32:31 Town Watch
33:01 Devotion
33:29 Scale Barding Armor
34:32 Gold Mining
34:33 Stone Mining
35:31 Crop Rotation
35:34 Chain Barding Armor
36:08 Forging
36:59 Elite War Elephant
38:04 Heavy Camel Rider
39:33 Plate Barding Armor
39:13 Fletching
41:12 Citadels
41:57 Hoardings
42:02 Iron Casting
42:10 Conscription
42:55 Bodkin Arrow
43:38 Masonry
43:24 Murder Holes
44:14 Caravan
44:25 Guilds
45:31 Gold Shaft Mining
46:10 Architecture
49:06 Blast Furnace
48:09 Scale Mail Armor
47:33 Pikeman
48:14 Squires
49:31 Chemistry
48:12 Halberdier
49:48 Ballistics
Connection lost

Rejoining the realm…

Still unreachable

The connection could not be restored.

Session expired

The server has moved on; the page needs a fresh start.